 Dungeon Crawl Stone Soup version 0.16.0-11-gd45b091 (webtiles) character file.

5793 kae the Frost Mage (level 10, -5/63 HPs)
             Began as a Demonspawn Ice Elementalist on Mar 17, 2015.
             Was an Elder of Vehumet.
             Killed from afar by a gargoyle (19 damage)
             ... with a stone arrow
             ... on level 10 of the Dungeon.
             The game lasted 00:27:03 (13380 turns).

kae the Frost Mage (Demonspawn Ice Elementalist)   Turns: 13380, Time: 00:27:03

Health: -5/63      AC: 15    Str: 13    XL:     10   Next: 50%
Magic:  0/25       EV: 12    Int: 20    God:    Vehumet [****..]
Gold:   324        SH:  2    Dex: 14    Spells: 7 memorised, 6 levels left

rFire  + . .     SeeInvis .     b - +1 whip (flame)
rCold  + . .     Clarity  .     u - +0 robe {rC+}
rNeg   . . .     SustAb   .     (no shield)
rPois  .         Gourm    .     (no helmet)
rElec  .         Spirit   +     i - +0 cloak
rCorr  .         Warding  .     j - +2 pair of gloves
rMut   .         Stasis   .     (no boots)
MR     .....                    F - amulet of guardian spirit
Stlth  ++........               (no ring)
                                B - ring of protection from fire

@: mighty, icy armour, drained, not resistant to hostile enchantments,
unstealthy
A: claws 2, large bone plates 1, foul stench 1, spiny 1, rot immunity
a: Renounce Religion


You were on level 10 of the Dungeon.
You worshipped Vehumet.
Vehumet was greatly pleased with you.
You were hungry.

You visited 2 branches of the dungeon, and saw 11 of its levels.
You also visited: Sewer.

You collected 324 gold pieces.

Inventory:

Hand weapons
 a - a cursed +2 hammer of venom
 b - a +1 whip of flaming (weapon)
 J - a +2 whip of pain
Armour
 i - a +0 cloak (worn)
 j - a +2 pair of gloves (worn)
 u - a +0 robe of cold resistance (worn)
Jewellery
 e - an uncursed amulet of stasis
 B - a ring of protection from fire (left hand)
 F - an amulet of guardian spirit (around neck)
Magical devices
 g - a wand of teleportation (6)
 n - a wand of slowing (12)
 w - a wand of random effects (36)
 z - a wand of paralysis (17)
 G - a wand of disintegration (2)
 I - a wand of flame (22)
Scrolls
 d - 6 scrolls of remove curse
 r - a scroll of blinking
 y - 2 scrolls of recharging
 A - a scroll of teleportation
 H - a scroll of identify
Potions
 f - a potion of decay {unknown}
 k - 2 potions of mutation
 l - 4 potions of restore abilities
 o - a potion of heal wounds {unknown}
 p - 4 potions of curing
 v - a potion of berserk rage
 x - a potion of poison {unknown}
 D - a potion of agility
 L - a potion of invisibility {unknown}
Books
 s - a book of Frost

   Spells                             Type                      Level
   a - Freeze                         Ice                          1
   b - Throw Frost                    Conjuration/Ice              2
   c - Ozocubu's Armour               Charms/Ice                   3
   d - Throw Icicle                   Conjuration/Ice              4
   e - Summon Ice Beast               Ice/Summoning                4
   f - Condensation Shield            Ice                          4
 C - a Necronomicon {highlevel, unknown}

   This book is beyond your current level of understanding.

   Spells                             Type                      Level
   a - Haunt                          Necromancy/Summoning         7
   b - Borgnjor's Revivification      Necromancy                   8
   c - Death's Door                   Charms/Necromancy            8
   d - Necromutation                  Transmutation/Necromancy     8
 E - a book of Conjurations

   Spells                             Type                      Level
   a - Magic Dart                     Conjuration                  1
   b - Searing Ray                    Conjuration                  2
   c - Dazzling Spray                 Conjuration/Hexes            3
   d - Fulminant Prism                Conjuration/Hexes            4
   e - Iskenderun's Mystic Blast      Conjuration                  4
   f - Iskenderun's Battlesphere      Conjuration/Charms           5
Comestibles
 c - 4 bread rations
 m - 4 fruits
 q - 4 beef jerkies
 t - 3 meat rations
 K - a chunk of flesh


   Skills:
 - Level 1.7(1.6) Dodging
 - Level 1.7(1.6) Stealth
 + Level 7.5(7.3) Spellcasting
 + Level 7.9(7.8) Conjurations
 * Level 10.6(10.5) Ice Magic


You had 6 spell levels left.
You knew the following spells:

 Your Spells              Type           Power        Failure   Level  Hunger
a - Freeze                Ice            ####         1%          1    None
b - Throw Frost           Conj/Ice       #####.       1%          2    None
c - Throw Icicle          Conj/Ice       #####...     1%          4    ###....
d - Shock                 Conj/Air       ###.         1%          1    None
e - Condensation Shield   Ice            #####.....   1%          4    ###....
f - Ozocubu's Armour      Chrm/Ice       ####....     3%          3    #......
g - Stone Arrow           Conj/Erth      ###...       2%          3    #......


Dungeon Overview and Level Annotations

Branches:
Dungeon (10/15)            Temple (1/1) D:5
   Lair: D:8-11         Orc: D:9-12

Altars:
Ashenzari
Cheibriados
Dithmenos
Elyvilon
Fedhas
Gozag
Kikubaaqudgha
Makhleb
Nemelex Xobeh
Okawaru
Qazlal
Ru
Sif Muna
Trog
Vehumet
Xom
Yredelemnul
Zin
The Shining One
Lugonu

Annotations:
D:4 Menkaure


Innate Abilities, Weirdness & Mutations

You have very sharp fingernails.
You are partially covered in large bone plates (AC +2, SH +2).
You emit a foul stench.
You are partially covered in sharp spines.
You are immune to rotting.


Message History

The gargoyle is almost destroyed.
The gargoyle hurls a stone arrow at you.
The stone arrow misses you.
You hit the gargoyle but do no damage.
The gargoyle is almost destroyed.
The gargoyle hurls a stone arrow at you.
The stone arrow hits you!
You hit the gargoyle but do no damage.
The gargoyle is almost destroyed.
The gargoyle closely misses you.
You hit the gargoyle but do no damage.
The gargoyle is almost destroyed.
The gargoyle hits you with a mace!!
* * * LOW HITPOINT WARNING * * *
You emit a cloud of foul miasma!
Drink which item? (? for menu, Esc to quit)
You feel very mighty all of a sudden.
The gargoyle hurls a stone arrow at you.
The stone arrow hits you!
You die...

#.# #..# ..#
..### ....# #...
#.. #9# #@# #.#
#.# #.### #####
#...#####...##
#............#
#############...#
#.# ##..## #.#
#...##


You could see a gargoyle.

Vanquished Creatures
  Pikel (D:4)
  A deep elf mage (D:9)
  A hippogriff (D:10)
  A wyvern (D:9)
  A hungry ghost (D:9)
  3 black bears
  A phantom (D:9)
  2 centaurs (D:9)
  A necrophage (D:9)
  4 sky beasts
  4 orc warriors
  3 slaves (D:4)
  4 ogres
  2 big kobolds
  Blork the orc (D:8)
  A gnoll sergeant (D:9)
  A water moccasin zombie (D:6)
  2 giant frogs (D:6)
  4 scorpions
  7 killer bees
  A quasit (D:5)
  3 centaur zombies
  6 crimson imps
  2 goliath beetles
  Crazy Yiuf (D:3)
  A gnoll shaman (D:9)
  3 jellies (D:9)
  A centaur skeleton (D:7)
  3 hounds
  7 worker ants
  A giant frog skeleton (D:10)
  7 orc wizards
  Natasha (thrice) (D:6)
  2 iguanas
  6 orc priests
  A hell rat (D:6)
  2 killer bee zombies (D:9)
  Ijyb (D:3)
  3 mummies
  2 hound skeletons
  10 river rats
  3 adders
  2 shadow imps
  A giant mite (D:7)
  4 gnolls (D:9)
  4 worms
  An adder skeleton (D:5)
  2 adder zombies
  4 giant geckos
  4 oozes
  28 orcs
  16 bats
  3 bat skeletons
  6 goblins
  17 hobgoblins
  23 jackals
  21 kobolds
  5 quokkas
  4 ball pythons
  15 giant cockroaches
  2 giant gecko skeletons
  5 giant newts
  A jackal zombie (D:5)
  50 rats
332 creatures vanquished.

Vanquished Creatures (others)
  A phantom (D:4)
  A kobold (D:4)
2 creatures vanquished.

Grand Total: 334 creatures vanquished

Notes
Turn   | Place    | Note
--------------------------------------------------------------
     0 | D:1      | kae, the Demonspawn Ice Elementalist, began the quest for the Orb.
     0 | D:1      | Reached XP level 1. HP: 13/13 MP: 3/3
     1 | D:1      | Found a runed door.
   244 | D:1      | Reached skill level 3 in Ice Magic
   256 | D:1      | Gained mutation: You are immune to rotting. [demonic ancestry]
   256 | D:1      | Reached XP level 2. HP: 19/19 MP: 1/4
   529 | D:1      | Learned a level 2 spell: Throw Frost
   646 | D:1      | Reached XP level 3. HP: 24/24 MP: 6/6
  1582 | D:2      | Gained mutation: You have sharp fingernails. [demonic ancestry]
  1582 | D:2      | Reached XP level 4. HP: 18/30 MP: 0/8
  1860 | D:2      | Reached skill level 4 in Ice Magic
  2357 | D:3      | Found a glowing drain.
  2469 | Sewer    | Entered a sewer
  2574 | Sewer    | Noticed a big kobold
  2597 | Sewer    | Killed a big kobold
  2597 | Sewer    | Gained mutation: You are partially covered in large bone plates (AC +2, SH +2). [demonic ancestry]
  2597 | Sewer    | Reached XP level 5. HP: 18/35 MP: 0/11
  2761 | Sewer    | Found a white marble altar of Elyvilon.
  3235 | D:3      | Noticed Ijyb
  3280 | D:3      | Killed Ijyb
  3558 | D:3      | Noticed Crazy Yiuf
  3633 | D:3      | Killed Crazy Yiuf
  3633 | D:3      | Reached skill level 5 in Ice Magic
  3743 | D:4      | Gained mutation: You emit a foul stench. [demonic ancestry]
  3743 | D:4      | Reached XP level 6. HP: 37/41 MP: 13/13
  3797 | D:4      | Noticed a slave
  3797 | D:4      | Noticed a slave
  3799 | D:4      | Noticed Menkaure
  3799 | D:4      | Noticed Pikel
  3820 | D:4      | Killed a slave
  4443 | D:4      | Found an ancient bone altar of Kikubaaqudgha.
  4444 | D:4      | Found a blossoming altar of Fedhas.
  4518 | D:4      | Noticed a slave
  4519 | D:4      | Noticed a slave
  4547 | D:4      | Killed Pikel
  4547 | D:4      | Reached skill level 6 in Ice Magic
  4547 | D:4      | Reached XP level 7. HP: 21/46 MP: 2/17
  4676 | D:4      | Killed a phantom
  4764 | D:4      | Killed a freed slave
  4868 | D:4      | Killed a freed slave
  5139 | D:5      | Entered Level 5 of the Dungeon
  5226 | D:5      | Noticed a shadow
  5602 | D:5      | Learned a level 4 spell: Throw Icicle
  5801 | D:5      | Reached XP level 8. HP: 52/52 MP: 6/18
  5979 | D:5      | Found a staircase to the Ecumenical Temple.
  5986 | Temple   | Entered the Ecumenical Temple
  6026 | Temple   | Became a worshipper of Vehumet
  6070 | D:5      | Found a stormy altar of Qazlal.
  6181 | D:5      | Reached skill level 7 in Ice Magic
  6429 | D:5      | Found a snail-covered altar of Cheibriados.
  7378 | D:6      | Found a basalt altar of Yredelemnul.
  7459 | D:6      | Noticed Natasha
  7501 | D:6      | Killed Natasha
  7543 | D:6      | Noticed Natasha
  7547 | D:6      | Killed Natasha
  7567 | D:6      | Reached skill level 5 in Spellcasting
  7573 | D:6      | Reached skill level 5 in Conjurations
  7836 | D:6      | Acquired Vehumet's first power
  7836 | D:6      | Offered knowledge of Sting by Vehumet.
  7859 | D:6      | Noticed Natasha
  7861 | D:6      | Killed Natasha
  8322 | D:6      | Found a shattered altar of Ashenzari.
  8324 | D:6      | Offered knowledge of Shock by Vehumet.
  8327 | D:6      | Learned a level 1 spell: Shock
  8332 | D:6      | Learned a level 4 spell: Condensation Shield
  8336 | D:6      | Learned a level 3 spell: Ozocubu's Armour
  8362 | D:6      | Reached skill level 8 in Ice Magic
  8627 | D:6      | Found a blossoming altar of Fedhas.
  8852 | D:6      | Gained mutation: You are partially covered in sharp spines. [demonic ancestry]
  8852 | D:6      | Reached XP level 9. HP: 39/57 MP: 18/21
  9474 | D:7      | Offered knowledge of Searing Ray by Vehumet.
  9718 | D:7      | Acquired Vehumet's second power
  9791 | D:7      | Found a burning altar of Makhleb.
  9792 | D:7      | Found an iron altar of Okawaru.
  9799 | D:7      | Found a sacrificial altar of Ru.
  9799 | D:7      | Found a sparkling altar of Nemelex Xobeh.
  9799 | D:7      | Found a glowing silver altar of Zin.
  9800 | D:7      | Found a shattered altar of Ashenzari.
  9801 | D:7      | Found an opulent altar of Gozag.
  9988 | D:8      | Noticed Blork the orc
 10008 | D:8      | Killed Blork the orc
 10406 | D:8      | Reached skill level 9 in Ice Magic
 10501 | D:8      | Offered knowledge of Stone Arrow by Vehumet.
 10541 | D:8      | Learned a level 3 spell: Stone Arrow
 11441 | D:9      | Acquired Vehumet's third power
 11789 | D:9      | Offered knowledge of Lee's Rapid Deconstruction by Vehumet.
 11795 | D:9      | Noticed a centaur zombie
 11802 | D:9      | Gained mutation: You have very sharp fingernails. [demonic ancestry]
 11802 | D:9      | Reached XP level 10. HP: 59/63 MP: 7/24
 11809 | D:9      | Killed a centaur zombie
 11851 | D:9      | Reached skill level 10 in Ice Magic
 12836 | D:10     | Entered Level 10 of the Dungeon
 13380 | D:10     | Killed from afar by a gargoyle

Action                   |  1- 3 |  4- 6 |  7- 9 | 10-12 || total
-------------------------+-------+-------+-------+-------++-------
Melee: Unarmed           |    13 |       |       |       ||    13
       Dagger            |    78 |    32 |       |       ||   110
       Hammer            |       |    29 |       |       ||    29
       Whip              |       |       |   181 |    36 ||   217
 Cast: Freeze            |    59 |    99 |   227 |    48 ||   433
       Throw Frost       |       |    12 |   125 |    56 ||   193
       Ozocubu's Armour  |       |       |     2 |     3 ||     5
       Condensation Shie |       |       |     4 |     1 ||     5
       Throw Icicle      |       |       |     3 |     7 ||    10
       Stone Arrow       |       |       |     3 |     3 ||     6
       Shock             |       |       |     1 |       ||     1
Evoke: Wand              |       |     2 |     2 |       ||     4
  Use: Scroll            |       |     7 |     8 |     2 ||    17
       Potion            |       |     1 |     2 |     1 ||     4
 Stab: Sleeping          |     1 |     5 |     3 |       ||     9
  Eat: Chunk             |     2 |    10 |    22 |     5 ||    39
       Fruit             |       |       |     2 |     1 ||     3
